 Dungeon Crawl Stone Soup version 0.29.0-4-gdea44cf6ec (webtiles) character file.

Game seed: 12355325512851045909

23229 qw the Severer (level 12, -2/113 HPs)
             Began as a Minotaur Berserker on Sept 4, 2022.
             Was an Elder of Trog.
             Killed from afar by an electric eel (12 damage)
             ... with a bolt of electricity
             ... on level 4 of the Lair of Beasts.
             The game lasted 00:05:05 (15820 turns).

qw the Severer (Minotaur Berserker)                Turns: 15820, Time: 00:05:05

Health: -2/113     AC: 21    Str: 27    XL:     12   Next: 70%
Magic:  11/11      EV:  9    Int:  6    God:    Trog [****..]
Gold:   542        SH:  0    Dex: 10    Spells: 11/11 levels left

rFire   . . .      SeeInvis +   Y - +2 broad axe
rCold   + . .      Faith    .   (no shield)
rNeg    . . .      Spirit   .   o - +0 plate armour
rPois   +          Reflect  .   (helmet restricted)
rElec   .          Harm     .   b - +0 cloak {rCorr}
rCorr   +          Rampage  +   u - +0 pair of gloves
Will    .....                   e - +0 pair of boots {rampage}
Stlth   ..........              p - amulet "Bakhil" {RegenMP rC+ Int+2}
HPRegen 0.28/turn               l - ring of see invisible
MPRegen 0.52/turn               m - ring of poison resistance

@: about to teleport, on berserk cooldown, slowed, very slow
A: horns 2, retaliatory headbutt
a: Renounce Religion, Berserk, Trog's Hand, Brothers in Arms


You were on level 4 of the Lair of Beasts.
You worshipped Trog.
Trog was greatly pleased with you.
You visited 2 branches of the dungeon, and saw 12 of its levels.
You also visited: Ossuary.

You collected 703 gold pieces.
You spent 161 gold pieces at shops.


Innate Abilities, Weirdness & Mutations

You have a pair of horns on your head.
You reflexively headbutt those who attack you in melee.


   Skills:
 + Level 12.6 Fighting
 - Level 18.0 Axes
 - Level 2.3 Throwing
 - Level 14.2 Armour
 - Level 4.1 Dodging


You had 11 spell levels left.
You didn't know any spells.
Your spell library was empty.

Inventory:

Hand Weapons
 h - a +0 morningstar
 Y - a +2 broad axe (weapon)
Missiles
 n - 11 boomerangs (quivered)
Armour
 b - a +0 cloak of preservation (worn)
 e - a +0 pair of boots of rampaging (worn)
 o - a +0 plate armour (worn)
 u - a +0 pair of gloves (worn)
Jewellery
 g - a +6 ring of strength
 i - an amulet of reflection
 j - a ring of resist corrosion
 l - a ring of see invisible (left hand)
 m - a ring of poison resistance (right hand)
 p - the amulet "Bakhil" (around neck) {RegenMP rC+ Int+2}
   (You found it on level 2 of the Lair of Beasts)

   [amulet of magic regeneration]

   It increases your rate of magic regeneration.
   Int:       It affects your intelligence (+2).
   rC:        It protects you from cold.
 q - a ring of ice
 s - a +4 ring of evasion
Scrolls
 a - 4 scrolls of identify
Potions
 c - 2 potions of resistance
 d - 2 potions of mutation
 f - a potion of cancellation
 k - 2 potions of haste
 r - 2 potions of might
 t - 3 potions of curing

Dungeon Overview and Level Annotations

Branches:
Dungeon (8/15)             Temple (0/1) D:5            Lair (4/5) D:8
  Swamp (0/4) Lair:3        Snake (0/4) Lair:2      Ossuary (visited)
  Slime: Lair:4-5

Altars:
Cheibriados
Dithmenos
Nemelex Xobeh
Okawaru
Wu Jian

Shops:
D:5 [   D:6 (

Annotations:
D:1 1 runed translucent door
D:2 1 runed translucent door, Crazy Yiuf


Message History

The bolt of electricity hits you.
You feel your anger nearly subside.
You are no longer berserk.
You are exhausted.
You feel yourself slow down.
The electric eel shoots out a bolt of lightning at you!
The bolt of electricity hits you.
The electric eel shoots out a bolt of lightning at you!
The bolt of electricity hits you!
An electric eel comes into view.
The electric eel shoots out a bolt of lightning at you!
The bolt of electricity hits you!
The bolt of electricity hits the plant!
The plant begins to die.
15818 ||| READING scroll of teleportation.
As you read the scroll of teleportation, it crumbles to dust.
You feel strangely unstable.
The electric eel shoots out a bolt of lightning at you!
The bolt of electricity hits you.
The bolt of electricity hits the plant!
You hit the electric eel.
The electric eel is lightly wounded.
You hit the plant.
The plant begins to die.
You hit the plant.
The plant begins to die.
You slice the plant!!
The electric eel shoots out a bolt of lightning at you!
The bolt of electricity hits the electric eel.
The electric eel completely resists.
The bolt of electricity hits you but does no damage.
The bolt of electricity hits the plant!
The electric eel shoots out a bolt of lightning at you!
The bolt of electricity hits you.
The bolt of electricity hits the plant!
The electric eel shoots out a bolt of lightning at you!
The bolt of electricity hits the electric eel.
The electric eel completely resists.
The bolt of electricity hits you.
The bolt of electricity hits the plant!
You barely miss the electric eel.
You headbutt the electric eel, but do no damage.
The electric eel is lightly wounded.
You hit the plant. x2; You slash the plant!
A nearby plant withers and dies.
The electric eel shoots out a bolt of lightning at you!
The bolt of electricity hits you!
You die...

...# .P.#
....~~PP~~~~777 #####
.......~~~PP~~~~77
............P~~P~~~~~~~~
[............P~~~~~~~~~~
.............P~~~~~S~~~~
.............P~~~~~~~~~~
............P~P~PS~~~~~~
7.#.........~PP~@~~~~~~~
77##.#......~~~~P~~~~~~7
P~~###......%~~~~P~~~~~7
~~~7~.......%~~P~P~~P~77
~~PP~~.....!..P##.77777
~~~~7.....#....# ...
P~7~7~...###...# ....
PP~~P~7..# ##### ...#.
P~~~P~~..# ..


You could see 2 electric eels.

Vanquished Creatures
  2 hydras
  A lindwurm (Lair:2)
  4 elephants (Lair:4)
  8 black mambas
  Maggie (D:6)
  A rime drake (Lair:3)
  7 cane toads
  4 komodo dragons
  A troll (D:8)
  3 polar bears
  4 burning bushes (Lair:3)
  A tyrant leech (Lair:3)
  3 blink frogs (Lair:1)
  17 yaks
  4 wyverns
  An acid dragon (D:8)
  2 swamp worms (Lair:3)
  18 water moccasins
  3 ice beasts
  A black bear (D:8)
  2 orc warriors
  2 ogres
  12 wolves
  A centaur (D:6)
  2 phantoms
  An elf zombie (Ossuary)
  4 kobold brigands
  6 bullfrogs
  2 necrophages
  4 scorpions
  4 wights (D:8)
  A killer bee (D:5)
  5 electric eels
  A howler monkey (D:5)
  A centaur zombie (Ossuary)
  4 human zombies (Ossuary)
  11 hounds
  5 jellies
  An orc priest (D:7)
  5 hell rats (Lair:3)
  3 iguanas
  Natasha (thrice) (D:2)
  10 orc wizards
  3 hound zombies (Ossuary)
  4 mummies
  Robin (D:4)
  3 gnolls (D:3)
  6 adders
  A white imp (D:7)
  6 adder zombies (Ossuary)
  A worm (D:2)
  A dart slug (D:3)
  32 orcs
  9 endoplasms
  5 giant cockroaches
  A gnoll zombie (Ossuary)
  15 goblins
  13 hobgoblins
  7 jackals
  3 quokkas
  9 ball pythons
  3 bats (D:2)
  4 frilled lizards
  A goblin zombie (Ossuary)
  A hobgoblin zombie (Ossuary)
  5 jackal zombies (Ossuary)
  16 kobolds
  6 kobold zombies (Ossuary)
  2 quokka zombies (Ossuary)
  2 rats
  A rat zombie (Ossuary)
337 creatures vanquished.

Vanquished Creatures (collateral kills)
  A troll (D:8)
  2 blink frogs (Lair:1)
  An orc wizard (D:8)
  An orc (D:8)
5 creatures vanquished.

Vanquished Creatures (others)
  A bush (Lair:1)
  37 fungi
  52 plants
90 creatures vanquished.

Grand Total: 432 creatures vanquished

Notes
Turn   | Place    | Note
-------+----------+-------------------------------------------
     0 | D:1      | qw the Minotaur Berserker began the quest for the Orb.
     0 | D:1      | Reached XP level 1. HP: 19/19 MP: 0/0
     0 | D:1      | 0 ||| qw: Version: 0.1-a-103-gd6f5d3a
     0 | D:1      | 0 ||| qw: Game counter: 5427
     0 | D:1      | 0 ||| qw: Always use a shield: true
     0 | D:1      | 0 ||| qw: Do Orc after D:15 true
     0 | D:1      | 0 ||| qw: Do second Lair branch before Depths: true
     0 | D:1      | 0 ||| qw: Lair rune preference: random
     0 | D:1      | 0 ||| qw: Plans: Normal
     0 | D:1      | 0 ||| PLANNING D:1-11
     1 | D:1      | Found a runed translucent door.
   130 | D:1      | Reached skill level 4 in Axes
   147 | D:1      | 147 ||| Stepping ~*~*~tactically~*~*~ (stealth).
   148 | D:1      | 148 ||| Stepping ~*~*~tactically~*~*~ (stealth).
   152 | D:1      | 152 ||| Stepping ~*~*~tactically~*~*~ (stealth).
   156 | D:1      | 156 ||| Stepping ~*~*~tactically~*~*~ (stealth).
   182 | D:1      | 182 ||| Stepping ~*~*~tactically~*~*~ (stealth).
   272 | D:1      | 272 ||| Stepping ~*~*~tactically~*~*~ (stealth).
   275 | D:1      | Reached XP level 2. HP: 26/26 MP: 1/1
   636 | D:1      | Reached ** piety under Trog
   995 | D:1      | Reached skill level 5 in Axes
  1179 | D:1      | 1179 ||| UPGRADING to +0 leather armour.
  1189 | D:1      | 1189 ||| DROPPING +0 animal skin.
  1190 | D:1      | 1190 ||| UPGRADING to +0 scale mail.
  1200 | D:1      | 1200 ||| DROPPING +0 leather armour.
  1201 | D:1      | 1201 ||| READING scroll labelled GUTOCWERUUPN.
  1252 | D:1      | 1252 ||| READING scroll labelled ARIPEG BADYOTSE.
  1253 | D:1      | 1253 ||| READING scroll labelled OGEIGR BUTHORR.
  1254 | D:1      | 1254 ||| DRINKING 2 white potions.
  1331 | D:2      | Reached XP level 3. HP: 31/31 MP: 2/2
  1344 | D:2      | 1344 ||| Stepping ~*~*~tactically~*~*~ (stealth).
  1372 | D:2      | 1372 ||| INVOKING Berserk.
  1482 | D:2      | Noticed Natasha
  1486 | D:2      | 1486 ||| INVOKING Berserk.
  1488 | D:2      | Killed Natasha
  1489 | D:2      | Reached skill level 6 in Axes
  1489 | D:2      | Reached XP level 4. HP: 39/39 MP: 3/3
  1603 | D:2      | Found a runed translucent door.
  1604 | D:2      | Noticed Crazy Yiuf
  1641 | D:2      | Noticed Natasha
  1645 | D:2      | 1645 ||| INVOKING Berserk.
  1646 | D:2      | Killed Natasha
  1763 | D:2      | Found a faded altar of an unknown god.
  1786 | D:2      | Noticed Natasha
  1787 | D:2      | 1787 ||| Stepping ~*~*~tactically~*~*~ (stealth).
  1791 | D:2      | 1791 ||| INVOKING Berserk.
  1792 | D:2      | 1792 ||| INVOKING Berserk.
  1795 | D:2      | Killed Natasha
  1932 | D:2      | Found an ornate altar of the Wu Jian Council.
  1953 | D:2      | 1953 ||| Stepping ~*~*~tactically~*~*~ (stealth).
  2145 | D:2      | 2145 ||| DROPPING +0 club.
  2512 | D:2      | 2512 ||| UPGRADING to ring of resist corrosion.
  2513 | D:2      | 2513 ||| UPGRADING to ring of poison resistance.
  2514 | D:2      | 2514 ||| READING 2 scrolls labelled EWAAMM OBRIUPP.
  2515 | D:2      | 2515 ||| READING scroll labelled YTUOTU CIONO.
  2516 | D:2      | 2516 ||| DRINKING 2 blue potions.
  2557 | D:2      | 2557 ||| DROPPING potion of lignification.
  2558 | D:2      | 2558 ||| DROPPING scroll of immolation.
  2659 | D:3      | 2659 ||| INVOKING Berserk.
  2664 | D:3      | Reached skill level 7 in Axes
  2664 | D:3      | Reached XP level 5. HP: 45/45 MP: 4/4
  2970 | D:3      | Found an iron altar of Okawaru.
  2979 | D:3      | Found a sparkling altar of Nemelex Xobeh.
  3048 | D:3      | 3048 ||| Stepping ~*~*~tactically~*~*~ (hiding).
  3049 | D:3      | 3049 ||| Stepping ~*~*~tactically~*~*~ (hiding).
  3070 | D:3      | 3070 ||| Stepping ~*~*~tactically~*~*~ (stealth).
  3353 | D:3      | 3353 ||| UPGRADING to +4 scale mail.
  3363 | D:3      | 3363 ||| DROPPING +0 scale mail.
  3364 | D:3      | 3364 ||| UPGRADING to amulet of reflection.
  3369 | D:3      | 3369 ||| DROPPING amulet of faith.
  3370 | D:3      | 3370 ||| READING scroll labelled ICAGYM ORA.
  3392 | D:4      | 3392 ||| DROPPING +0 whip.
  3501 | D:4      | 3501 ||| Stepping ~*~*~tactically~*~*~ (stealth).
  3503 | D:4      | 3503 ||| Stepping ~*~*~tactically~*~*~ (stealth).
  3505 | D:4      | 3505 ||| Stepping ~*~*~tactically~*~*~ (stealth).
  3675 | D:4      | Found a shadowy altar of Dithmenos.
  3678 | D:4      | 3678 ||| Stepping ~*~*~tactically~*~*~ (stealth).
  3684 | D:4      | Reached *** piety under Trog
  3686 | D:4      | 3686 ||| Stepping ~*~*~tactically~*~*~ (stealth).
  3690 | D:4      | 3690 ||| Stepping ~*~*~tactically~*~*~ (stealth).
  3692 | D:4      | 3692 ||| Stepping ~*~*~tactically~*~*~ (stealth).
  3703 | D:4      | 3703 ||| DRINKING 2 potions of curing.
  3703 | D:4      | 3703 ||| (to cure confusion)
  3705 | D:4      | 3705 ||| INVOKING Berserk.
  3709 | D:4      | 3709 ||| DRINKING potion of curing.
  3709 | D:4      | 3709 ||| (to cure confusion)
  3817 | D:4      | 3817 ||| DROPPING +1 whip of draining.
  3865 | D:4      | Reached skill level 8 in Axes
  3984 | D:4      | Reached XP level 6. HP: 52/52 MP: 5/5
  4046 | D:4      | 4046 ||| INVOKING Berserk.
  4199 | D:4      | Noticed Robin
  4200 | D:4      | 4200 ||| Stepping ~*~*~tactically~*~*~ (hiding).
  4202 | D:4      | 4202 ||| Stepping ~*~*~tactically~*~*~ (hiding).
  4215 | D:4      | 4215 ||| INVOKING Berserk.
  4219 | D:4      | Killed Robin
  4402 | D:4      | 4402 ||| UPGRADING to ring of see invisible.
  4404 | D:4      | 4404 ||| READING scroll labelled BUNUT DETRICI.
  4405 | D:4      | 4405 ||| READING scroll labelled POCLOEVISSO.
  4406 | D:4      | 4406 ||| DRINKING 2 sedimented sapphire potions.
  4407 | D:4      | 4407 ||| READING 4 scrolls of identify.
  4407 | D:4      | 4407 ||| IDENTIFYING golden potion
  4408 | D:4      | 4408 ||| READING 3 scrolls of identify.
  4408 | D:4      | 4408 ||| IDENTIFYING bubbling ruby potion
  4409 | D:4      | 4409 ||| READING 2 scrolls of identify.
  4409 | D:4      | 4409 ||| IDENTIFYING smoky orange potion
  4410 | D:4      | 4410 ||| DROPPING potion of degeneration.
  4411 | D:4      | 4411 ||| DROPPING potion of berserk rage.
  4440 | D:5      | Entered Level 5 of the Dungeon
  4440 | D:5      | Found Baggee's Armour Shop.
  4445 | D:5      | 4445 ||| INVOKING Berserk.
  4450 | D:5      | Noticed an ice beast
  4458 | D:5      | Killed an ice beast
  4459 | D:5      | Reached skill level 9 in Axes
  4566 | D:5      | 4566 ||| BUYING +0 cloak of preservation (161 gold).
  4566 | D:5      | Bought a +0 cloak of preservation for 161 gold pieces
  4566 | D:5      | 4566 ||| SHOPLISTING +0 plate armour of Experimentation
                  | {rC+} (518 gold, have 46).
  4587 | D:5      | Reached XP level 7. HP: 59/59 MP: 6/6
  4635 | D:5      | 4635 ||| Stepping ~*~*~tactically~*~*~ (stealth).
  4636 | D:5      | 4636 ||| Stepping ~*~*~tactically~*~*~ (stealth).
  4862 | D:5      | 4862 ||| INVOKING Berserk.
  4905 | D:5      | 4905 ||| FLEEEEING.
  4906 | D:5      | 4906 ||| FLEEEEING.
  4907 | D:5      | 4907 ||| FLEEEEING.
  4908 | D:5      | 4908 ||| FLEEEEING.
  4909 | D:5      | 4909 ||| FLEEEEING.
  4910 | D:5      | 4910 ||| FLEEEEING.
  4938 | D:5      | 4938 ||| SWAPPING to +0 war axe.
  4939 | D:5      | 4939 ||| DROPPING +1 hand axe of electrocution.
  4974 | D:5      | 4974 ||| Stepping ~*~*~tactically~*~*~ (stealth).
  5005 | D:5      | Reached skill level 10 in Axes
  5226 | D:5      | Reached skill level 6 in Fighting
  5446 | D:5      | Found a staircase to the Ecumenical Temple.
  5506 | D:5      | 5506 ||| UPGRADING to +0 cloak of preservation.
  5511 | D:5      | 5511 ||| UPGRADING to +0 pair of gloves.
  5516 | D:5      | 5516 ||| READING scroll labelled OTSIUX JEM KIU.
  5517 | D:5      | 5517 ||| READING 4 scrolls of identify.
  5517 | D:5      | 5517 ||| IDENTIFYING ruby potion
  5518 | D:5      | 5518 ||| READING 3 scrolls of identify.
  5518 | D:5      | 5518 ||| IDENTIFYING murky white potion
  5519 | D:5      | 5519 ||| READING 2 scrolls of identify.
  5519 | D:5      | 5519 ||| IDENTIFYING coppery potion
  5520 | D:5      | 5520 ||| DRINKING potion of experience.
  5520 | D:5      | Reached XP level 8. HP: 71/71 MP: 7/7
  5521 | D:5      | 5521 ||| DROPPING potion of brilliance.
  5522 | D:5      | 5522 ||| DROPPING potion of flight.
  5551 | D:6      | 5551 ||| PLANNING OSSUARY
  5565 | D:6      | 5565 ||| INVOKING Berserk.
  5684 | D:6      | 5684 ||| INVOKING Berserk.
  5825 | D:6      | Reached XP level 9. HP: 78/78 MP: 8/8
  5839 | D:6      | 5839 ||| FLEEEEING.
  5840 | D:6      | 5840 ||| FLEEEEING.
  5841 | D:6      | 5841 ||| FLEEEEING.
  5842 | D:6      | 5842 ||| FLEEEEING.
  5843 | D:6      | 5843 ||| FLEEEEING.
  5844 | D:6      | 5844 ||| FLEEEEING.
  5845 | D:6      | 5845 ||| STAIRDANCE
  5947 | D:5      | 5947 ||| READING 2 scrolls of identify.
  5947 | D:5      | 5947 ||| IDENTIFYING pink potion
  5948 | D:5      | 5948 ||| DROPPING potion of ambrosia.
  5951 | D:6      | 5951 ||| STAIRDANCE
  5988 | D:6      | 5988 ||| Stepping ~*~*~tactically~*~*~ (hiding).
  5997 | D:6      | 5997 ||| INVOKING Berserk.
  6001 | D:6      | Reached skill level 11 in Axes
  6022 | D:6      | 6022 ||| FLEEEEING.
  6023 | D:6      | 6023 ||| STAIRDANCE
  6059 | D:6      | Found a sand-covered staircase.
  6069 | Ossuary  | Entered an ossuary
  6132 | Ossuary  | Reached **** piety under Trog
  6398 | Ossuary  | 6398 ||| Stepping ~*~*~tactically~*~*~ (stealth).
  6415 | Ossuary  | 6415 ||| Stepping ~*~*~tactically~*~*~ (stealth).
  6466 | Ossuary  | 6466 ||| READING scroll labelled CAR YKLEEQISTO.
  6467 | Ossuary  | 6467 ||| DRINKING 2 green potions.
  6468 | Ossuary  | 6468 ||| READING 3 scrolls of identify.
  6468 | Ossuary  | 6468 ||| IDENTIFYING silvery potion
  6469 | Ossuary  | 6469 ||| READING 2 scrolls of identify.
  6469 | Ossuary  | 6469 ||| IDENTIFYING black potion
  6470 | Ossuary  | 6470 ||| DROPPING potion of attraction.
  6481 | D:6      | 6481 ||| PLANNING D:1-11
  6558 | D:6      | Noticed Maggie
  6568 | D:6      | 6568 ||| DRINKING potion of curing.
  6568 | D:6      | 6568 ||| (to cure confusion)
  6582 | D:6      | HP: 6/78 [Maggie/bolt of fire (22)]
  6583 | D:6      | 6583 ||| DRINKING potion of heal wounds.
  6587 | D:6      | HP: 11/78 [Maggie/+2 long sword of flaming (9)]
  6590 | D:6      | Killed Maggie
  6591 | D:6      | Reached skill level 12 in Axes
  6905 | D:6      | Found Lyoc's Weapon Shoppe.
  7087 | D:6      | 7087 ||| READING scroll labelled DOFESA YMEOG.
  7098 | D:7      | 7098 ||| STAIRDANCE
  7104 | D:7      | 7104 ||| STAIRDANCE
  7281 | D:7      | Reached ***** piety under Trog
  7344 | D:7      | 7344 ||| INVOKING Berserk.
  7467 | D:7      | Reached skill level 1 in Throwing
  7585 | D:7      | 7585 ||| Stepping ~*~*~tactically~*~*~ (stealth).
  7586 | D:7      | 7586 ||| Stepping ~*~*~tactically~*~*~ (stealth).
  7587 | D:7      | 7587 ||| Stepping ~*~*~tactically~*~*~ (stealth).
  7598 | D:7      | 7598 ||| Stepping ~*~*~tactically~*~*~ (stealth).
  7599 | D:7      | 7599 ||| Stepping ~*~*~tactically~*~*~ (stealth).
  7600 | D:7      | 7600 ||| Stepping ~*~*~tactically~*~*~ (stealth).
  7620 | D:7      | Identified the +7 glaive "Wiacu" {vorpal, rF- Will+ Str+3}
  7634 | D:7      | 7634 ||| Stepping ~*~*~tactically~*~*~ (stealth).
  7643 | D:7      | Reached XP level 10. HP: 86/86 MP: 9/9
  7653 | D:7      | 7653 ||| INVOKING Berserk.
  8035 | D:7      | Found a snail-covered altar of Cheibriados.
  8036 | D:7      | 8036 ||| UPGRADING to +0 plate armour.
  8046 | D:7      | 8046 ||| DROPPING +4 scale mail.
  8047 | D:7      | 8047 ||| READING 2 scrolls labelled XISYAQ FEFEMI.
  8048 | D:7      | 8048 ||| DROPPING scroll of noise.
  8107 | D:8      | Reached skill level 13 in Axes
  8124 | D:8      | 8124 ||| INVOKING Berserk.
  8125 | D:8      | Found a staircase to the Lair.
  8132 | D:8      | 8132 ||| INVOKING Brothers in Arms.
  8135 | D:8      | HP: 20/88 [orc warrior/+4 flail of holy wrath (9)]
  8136 | D:8      | 8136 ||| READING scroll of teleportation.
  8136 | D:8      | HP: 7/88 [orc warrior/+4 flail of holy wrath (3)]
  8246 | D:8      | 8246 ||| Stepping ~*~*~tactically~*~*~ (stealth).
  8250 | D:8      | 8250 ||| Stepping ~*~*~tactically~*~*~ (stealth).
  8251 | D:8      | 8251 ||| Stepping ~*~*~tactically~*~*~ (stealth).
  8254 | D:8      | 8254 ||| INVOKING Berserk.
  8257 | D:8      | HP: 30/132 [troll (7)]
  8709 | D:8      | 8709 ||| INVOKING Berserk.
  8710 | D:8      | Identified the +1 scimitar of Kaogauso {flame, rElec rF+++
                  | rN++ Dex-4}
  8780 | D:8      | 8780 ||| FLEEEEING.
  8781 | D:8      | 8781 ||| FLEEEEING.
  8782 | D:8      | 8782 ||| FLEEEEING.
  8783 | D:8      | 8783 ||| INVOKING Berserk.
  8966 | D:8      | 8966 ||| Stepping ~*~*~tactically~*~*~ (stealth).
  8968 | D:8      | 8968 ||| Stepping ~*~*~tactically~*~*~ (hiding).
  8987 | D:8      | 8987 ||| FLEEEEING.
  8989 | D:8      | 8989 ||| FLEEEEING.
  8992 | D:8      | 8992 ||| FLEEEEING.
  8993 | D:8      | 8993 ||| FLEEEEING.
  8994 | D:8      | 8994 ||| FLEEEEING.
  8995 | D:8      | 8995 ||| FLEEEEING.
  8996 | D:8      | 8996 ||| FLEEEEING.
  8997 | D:8      | 8997 ||| FLEEEEING.
  8998 | D:8      | 8998 ||| FLEEEEING.
  8999 | D:8      | 8999 ||| FLEEEEING.
  9000 | D:8      | 9000 ||| FLEEEEING.
  9001 | D:8      | 9001 ||| FLEEEEING.
  9002 | D:8      | 9002 ||| FLEEEEING.
  9003 | D:8      | 9003 ||| FLEEEEING.
  9163 | D:8      | 9163 ||| Stepping ~*~*~tactically~*~*~ (stealth).
  9212 | D:8      | 9212 ||| Stepping ~*~*~tactically~*~*~ (stealth).
  9240 | D:8      | 9240 ||| Stepping ~*~*~tactically~*~*~ (stealth).
  9247 | D:8      | Reached skill level 14 in Axes
  9252 | D:8      | Received a gift from Trog
  9270 | D:8      | 9270 ||| Stepping ~*~*~tactically~*~*~ (hiding).
  9271 | D:8      | 9271 ||| SWAPPING to +0 broad axe.
  9280 | D:8      | 9280 ||| DROPPING +0 war axe.
  9407 | D:8      | 9407 ||| Stepping ~*~*~tactically~*~*~ (water).
  9546 | D:8      | 9546 ||| PLANNING LAIR
  9559 | Lair:1   | Entered Level 1 of the Lair of Beasts
  9648 | Lair:1   | 9648 ||| Stepping ~*~*~tactically~*~*~ (stealth).
  9649 | Lair:1   | 9649 ||| Stepping ~*~*~tactically~*~*~ (stealth).
  9650 | Lair:1   | 9650 ||| INVOKING Berserk.
  9751 | Lair:1   | 9751 ||| INVOKING Berserk.
  9764 | Lair:1   | 9764 ||| INVOKING Brothers in Arms.
  9833 | Lair:1   | 9833 ||| Stepping ~*~*~tactically~*~*~ (stealth).
  9877 | Lair:1   | 9877 ||| Stepping ~*~*~tactically~*~*~ (stealth).
  9880 | Lair:1   | 9880 ||| INVOKING Berserk.
  9885 | Lair:1   | Reached XP level 11. HP: 94/94 MP: 10/10
 10088 | Lair:1   | 10088 ||| Stepping ~*~*~tactically~*~*~ (stealth).
 10092 | Lair:1   | Noticed an eight-headed hydra
 10093 | Lair:1   | 10093 ||| INVOKING Brothers in Arms.
 10094 | Lair:1   | 10094 ||| INVOKING Berserk.
 10099 | Lair:1   | Reached skill level 15 in Axes
 10104 | Lair:1   | Killed a 12-headed hydra
 10109 | Lair:1   | Reached skill level 9 in Fighting
 10196 | Lair:1   | 10196 ||| INVOKING Berserk.
 10310 | Lair:1   | 10310 ||| Stepping ~*~*~tactically~*~*~ (stealth).
 10315 | Lair:1   | 10315 ||| INVOKING Berserk.
 10514 | Lair:1   | 10514 ||| INVOKING Berserk.
 10517 | Lair:1   | Reached skill level 3 in Dodging
 10545 | Lair:1   | 10545 ||| Stepping ~*~*~tactically~*~*~ (stealth).
 10859 | Lair:1   | 10859 ||| READING scroll of enchant weapon.
 10859 | Lair:1   | 10859 ||| ENCHANTING +0 broad axe.
 10915 | Lair:1   | 10915 ||| READING scroll of enchant weapon.
 10915 | Lair:1   | 10915 ||| ENCHANTING +1 broad axe.
 10976 | Lair:1   | 10976 ||| INVOKING Berserk.
 11211 | Lair:1   | 11211 ||| READING scroll labelled ROUPYG FIYPPEDGHIJI.
 11212 | Lair:1   | 11212 ||| READING scroll labelled WALAAK XEALAK.
 11313 | Lair:1   | 11313 ||| READING 4 scrolls of identify.
 11313 | Lair:1   | 11313 ||| IDENTIFYING bubbling inky potion
 11348 | Lair:2   | 11348 ||| INVOKING Berserk.
 11420 | Lair:2   | 11420 ||| Stepping ~*~*~tactically~*~*~ (stealth).
 11533 | Lair:2   | 11533 ||| INVOKING Berserk.
 11584 | Lair:2   | 11584 ||| INVOKING Berserk.
 11589 | Lair:2   | Reached skill level 16 in Axes
 11730 | Lair:2   | Identified the amulet "Bakhil" {RegenMP rC+ Int+2}
 11739 | Lair:2   | Found a staircase to the Snake Pit.
 11740 | Lair:2   | 11740 ||| Stepping ~*~*~tactically~*~*~ (stealth).
 11742 | Lair:2   | 11742 ||| Stepping ~*~*~tactically~*~*~ (stealth).
 11743 | Lair:2   | 11743 ||| INVOKING Berserk.
 11899 | Lair:2   | 11899 ||| Stepping ~*~*~tactically~*~*~ (stealth).
 11902 | Lair:2   | 11902 ||| INVOKING Berserk.
 12014 | Lair:2   | 12014 ||| INVOKING Berserk.
 12033 | Lair:2   | 12033 ||| Stepping ~*~*~tactically~*~*~ (stealth).
 12137 | Lair:2   | 12137 ||| INVOKING Berserk.
 12287 | Lair:2   | 12287 ||| INVOKING Berserk.
 12294 | Lair:2   | Reached skill level 17 in Axes
 12466 | Lair:2   | 12466 ||| INVOKING Berserk.
 12513 | Lair:2   | 12513 ||| Stepping ~*~*~tactically~*~*~ (stealth).
 12516 | Lair:2   | 12516 ||| INVOKING Berserk.
 12894 | Lair:2   | 12894 ||| INVOKING Berserk.
 12918 | Lair:2   | Noticed a lindwurm
 12925 | Lair:2   | HP: 21/99 [lindwurm/blast of flame (30)]
 12926 | Lair:2   | 12926 ||| READING scroll of teleportation.
 12928 | Lair:2   | HP: 10/99 [lindwurm (11)]
 12930 | Lair:2   | Killed a lindwurm
 12931 | Lair:2   | Reached XP level 12. HP: 11/106 MP: 11/11
 13427 | Lair:2   | 13427 ||| UPGRADING to amulet "Bakhil" {RegenMP rC+ Int+2}.
 13437 | Lair:2   | 13437 ||| DROPPING ring of flight.
 13438 | Lair:2   | 13438 ||| READING scroll labelled EKUOLUBU KIMAQA.
 13439 | Lair:2   | 13439 ||| READING scroll labelled ELEILI YFUSE.
 13439 | Lair:2   | Identified a scroll of acquirement
 13439 | Lair:2   | 13439 ||| ACQUIRING +0 pair of boots of rampaging
 13439 | Lair:2   | Acquired a +0 pair of boots of rampaging
 13441 | Lair:2   | 13441 ||| UPGRADING to +0 pair of boots of rampaging.
 13446 | Lair:2   | 13446 ||| READING 3 scrolls of identify.
 13446 | Lair:2   | 13446 ||| IDENTIFYING bubbling clear potion
 13447 | Lair:2   | 13447 ||| DROPPING potion of invisibility.
 13477 | Lair:3   | 13477 ||| INVOKING Berserk.
 13491 | Lair:3   | Noticed an eight-headed hydra
 13497 | Lair:3   | Killed an 11-headed hydra
 13603 | Lair:3   | 13603 ||| Stepping ~*~*~tactically~*~*~ (hiding).
 13605 | Lair:3   | 13605 ||| Stepping ~*~*~tactically~*~*~ (hiding).
 13734 | Lair:3   | 13734 ||| INVOKING Berserk.
 13743 | Lair:3   | Reached skill level 18 in Axes
 14312 | Lair:3   | 14312 ||| Stepping ~*~*~tactically~*~*~ (stealth).
 14336 | Lair:3   | Found a staircase to the Swamp.
 14337 | Lair:3   | 14337 ||| INVOKING Berserk.
 14945 | Lair:3   | 14945 ||| INVOKING Berserk.
 15271 | Lair:3   | 15271 ||| DROPPING amulet of the acrobat.
 15471 | Lair:4   | Reached skill level 12 in Fighting
 15574 | Lair:4   | 15574 ||| Stepping ~*~*~tactically~*~*~ (water).
 15808 | Lair:4   | 15808 ||| INVOKING Berserk.
 15817 | Lair:4   | HP: 20/113 [electric eel/bolt of electricity (11)]
 15818 | Lair:4   | 15818 ||| READING scroll of teleportation.
 15820 | Lair:4   | Killed from afar by an electric eel

Levels and vault maps discovered:
D:1:      dpeg_arrival_caged_fury, layout_basic, bh_walls_and_bars
D:2:      minmay_alternating_diamond, layout_basic,
          shapermc_ecumenical_altar_pompeii, basic_altar, glass_columns_a,
          uniq_crazy_yiuf_cottage, uniq_natasha
D:3:      layout_basic, mainiacjoe_overflow_swirl, serial_curves,
          eino_curves_01, eino_curves_03, kennysheep_big_empty_room
D:4:      layout_basic, mainiacjoe_overflow_small_starburst,
          minmay_quadrilaterals, uniq_robin
D:5:      layout_loops_ring, minmay_temple_entry_enclosed_plants, serial_shops,
          nicolae_stop_n_shop_1, minmay_manual_mail
D:6:      layout_rooms, gup_ossuary_entry_pyramid, kennysheep_windowed_goal,
          uniq_maggie
D:7:      layout_basic, chei_slow_surprise
D:8:      layout_loops_ring, erik_lair_island, enter_bailey_4
Lair:1:   layout_loops_ring, st_stairs_3
Lair:2:   layout_regular_city, minmay_snake_entry_six_corridors
Lair:3:   layout_cave_pods, minmay_swamp_entry_worms,
          chequers_serial_rivers_small_a, evilmike_ambush
          [evilmike_ambush_outer_basic, evilmike_ambush_inner_basic]
Lair:4:   gammafunk_mikee_crab_dinner, layout_regular_city, serial_bayou_lake_a,
          serial_bayou_shore_a, serial_bayou_shore_b

Skill      XL: |  1  2  3  4  5  6  7  8  9 10 11 12 |
---------------+-------------------------------------+-----
Axes           | 4 5 6 7 8 9 10 12 14 17 18 | 18.0
Fighting       | 4 6 7 8 10 12 | 12.6
Armour         | 14 | 14.2
Throwing       | 1 2 |  2.3
Dodging        | 3 4 |  4.1

Action                   |  1- 3 |  4- 6 |  7- 9 | 10-12 || total
-------------------------+-------+-------+-------+-------++-------
Melee: Hand axe          |    67 |   114 |    26 |       ||   207
       Headbutt          |     6 |     9 |    38 |    68 ||   121
       War axe           |       |       |   249 |   105 ||   354
       Punch             |       |       |     3 |     5 ||     8
       Broad axe         |       |       |       |   329 ||   329
Throw: Boomerang         |       |       |    15 |   125 ||   140
Invok: Berserk           |     2 |     7 |     5 |    29 ||    43
       Brothers in Arms  |       |       |       |     3 ||     3
  Use: Scroll            |     3 |     8 |     9 |    12 ||    32
       Potion            |     1 |     4 |     4 |       ||     9
Armor: Animal skin       |     9 |       |       |       ||     9
       Scale mail        |     2 |    31 |   109 |     5 ||   147
       Plate armour      |       |       |       |   217 ||   217
Dodge: Dodged            |    44 |    31 |    91 |   137 ||   303
Block: Other             |       |    13 |    43 |    63 ||   119
       Reflection        |       |     1 |     4 |     2 ||     7

Table legend:
 A = Non-vault XP
 B = Vault XP
 C = Vault XP percentage of total XP
 D = Non-vault monster count
 E = Vault monster count
 F = Vault count percentage of total count
                 A         B        C        D         E       F
            +---------+---------+-------+---------+---------+-------
      Total |   24229 |    7705 |  24.1 |     245 |      97 |  28.4
            +---------+---------+-------+---------+---------+-------
        D:1 |      36 |       0 |   0.0 |      21 |       0 |   0.0
        D:2 |     113 |      42 |  27.1 |      19 |       4 |  17.4
        D:3 |      69 |       0 |   0.0 |      11 |       0 |   0.0
        D:4 |     120 |      86 |  41.7 |      17 |      16 |  48.5
        D:5 |     986 |     158 |  13.8 |      22 |       3 |  12.0
        D:6 |     710 |     746 |  51.2 |      18 |       5 |  21.7
        D:7 |    1214 |       0 |   0.0 |      31 |       0 |   0.0
        D:8 |    2889 |     705 |  19.6 |      33 |      13 |  28.3
     Lair:1 |    4934 |      85 |   1.7 |      17 |       1 |   5.6
     Lair:2 |    4037 |    3272 |  44.8 |      13 |      12 |  48.0
     Lair:3 |    5666 |    2131 |  27.3 |      29 |       8 |  21.6
     Lair:4 |    3455 |       0 |   0.0 |      14 |       0 |   0.0
    Ossuary |       0 |     480 | 100.0 |       0 |      35 | 100.0
            +---------+---------+-------+---------+---------+-------
